 Dungeon Crawl Stone Soup version 0.18-a0-1171-ga8e22e7 (webtiles) character file.

149 st0uf the Insei (level 5, -1/40 HPs)
             Began as a Draconian Transmuter on Jan 26, 2016.
             Was an Initiate of Vehumet.
             Slain by a worker ant (3 damage)
             ... on level 3 of the Dungeon.
             The game lasted 00:12:19 (3321 turns).

st0uf the Insei (Draconian Transmuter)              Turns: 3321, Time: 00:12:20

Health: -1/40      AC:  5    Str: 12    XL:     5   Next: 9%
Magic:  14/17      EV: 12    Int: 14    God:    Vehumet [......]
Gold:   86         SH:  0    Dex: 12    Spells: 3 memorised, 3 levels left

rFire  . . .     SeeInvis .       - Unarmed
rCold  . . .     Gourm    .     (armour unavailable)
rNeg   . . .     Faith    .     (no shield)
rPois  .         Spirit   .     (helmet restricted)
rElec  .         Dismiss  .     (no cloak)
rCorr  .         Reflect  .     (no gloves)
SustAt .         Harm     .     (no boots)
MR     .....                    (no amulet)
Stlth  ++........               q - ring of stealth
                                e - ring of magical power

@: lethally poisoned (-1 -> -12), appendage (expiring), very slightly
contaminated, not resistant to hostile enchantments, unstealthy
A: unfitting armour, horns 2, cold-blooded, AC +5
a: End Transformation, Renounce Religion


You were on level 3 of the Dungeon.
You worshipped Vehumet.
Vehumet was noncommittal.
You were not hungry.
You had grown temporary horns.
You visited 1 branch of the dungeon, and saw 3 of its levels.

You collected 86 gold pieces.

Inventory:

Missiles
 a - 31 arrows
 d - 132 stones (quivered)
 i - 45 poisoned needles
Jewellery
 e - a ring of magical power (left hand)
 q - a ring of stealth (right hand)
Scrolls
 g - 3 scrolls of teleportation {unknown}
 h - a scroll of magic mapping {unknown}
 j - 2 scrolls of identify {unknown}
 n - a scroll of enchant armour {unknown}
 p - a scroll of recharging {unknown}
 s - a scroll of enchant weapon {unknown}
Potions
 k - 2 potions of lignification {unknown}
 m - a potion of poison {unknown}
 r - a potion of agility {unknown}
Books
 b - a book of Changes

   Spells                             Type                      Level
   a - Beastly Appendage              Transmutation                1
   b - Sticks to Snakes               Transmutation                2
   c - Spider Form                    Transmutation/Poison         3
   d - Ice Form                       Ice/Transmutation            4
   e - Blade Hands                    Transmutation                5
Comestibles
 c - 3 bread rations
 f - 4 meat rations
 l - 2 beef jerkies
 o - 3 chunks of flesh


   Skills:
 + Level 1.2 Fighting
 + Level 0.3 Throwing
 + Level 2.7 Dodging
 * Level 4.1 Unarmed Combat
 + Level 2.5 Spellcasting
 * Level 3.2 Transmutations


You had 3 spell levels left.
You knew the following spells:

 Your Spells              Type           Power        Failure   Level  Hunger
a - Beastly Appendage     Trmt           ##....       10%         1    #......
b - Sticks to Snakes      Trmt           ##......     12%         2    ###....
c - Spider Form           Trmt/Pois      #.........   38%         3    ###....


Dungeon Overview and Level Annotations

Branches:
Dungeon (3/15)

Altars:
Elyvilon
Trog
Vehumet
Zin


Innate Abilities, Weirdness & Mutations

Your plain brown scales are hard (AC +5).
Your body does not fit into most forms of armour.
You are cold-blooded and may be slowed by cold attacks.
You have a pair of horns on your head.


Message History

You are very lightly contaminated with residual magic.
Nothing appears to happen.
The worker ant twitches its antennae in your direction.
You barely miss the worker ant.
The worker ant is almost dead.
Your transformation is almost over.
You feel sick. The worker ant bites you.
* * * LOW HITPOINT WARNING * * *
You barely miss the worker ant.
The worker ant is almost dead.
The worker ant bites you.
* * * LOW HITPOINT WARNING * * *
You are more poisoned.
The worker ant poisons you!
You hit the worker ant but do no damage.
Your tail-slap misses the worker ant.
The worker ant is almost dead.
* * * LOW HITPOINT WARNING * * *
You feel sick. The worker ant bites you.
You die...

...........##.####.#.............
...........##.# ##.#.##.##.##.###
...........##.# #.............#
...........##.# #.#..##.#########
.........)....###.#.>............
...........##...........#########
........................'........
...........##...........#########
...........##.(.@a#..............
...........##<....#.####....#####
...........##.....#.# #......#
...........##.....#.####..#.#.#
...........######.#.........#.#
############ #.###########.#
#...#...######.# #.........###
###..#††#..#.....# #.####.......
#_.#..#..#....#### #.#......####


You could see a worker ant.

Vanquished Creatures
  5 adders
  2 gnolls
  An ooze (D:1)
  A worm (D:2)
  A giant gecko (D:1)
  An orc (D:3)
  7 giant cockroaches
  7 goblins
  5 hobgoblins
  8 jackals
  2 quokkas
  2 ball pythons
  6 bats
  6 giant newts
  5 kobolds
  9 rats
68 creatures vanquished.

Vanquished Creatures (collateral kills)
  A gnoll (D:3)
  A worm (D:3)
2 creatures vanquished.

Grand Total: 70 creatures vanquished

Notes
Turn   | Place    | Note
--------------------------------------------------------------
     0 | D:1      | st0uf the Draconian Transmuter began the quest for the Orb.
     0 | D:1      | Reached XP level 1. HP: 16/16 MP: 3/3
   195 | D:1      | You fall through a shaft!
   317 | D:2      | Reached XP level 2. HP: 2/23 MP: 5/5
  1315 | D:1      | Reached XP level 3. HP: 26/28 MP: 6/6
  1319 | D:1      | Learned a level 2 spell: Sticks to Snakes
  1323 | D:1      | Learned a level 3 spell: Spider Form
  1704 | D:2      | Found a white marble altar of Elyvilon.
  1884 | D:2      | Reached XP level 4. HP: 17/35 MP: 7/7
  2683 | D:3      | Found a radiant altar of Vehumet.
  2688 | D:3      | Became a worshipper of Vehumet
  2728 | D:3      | Reached skill level 4 in Unarmed Combat
  2808 | D:3      | Found a glowing silver altar of Zin.
  2808 | D:3      | Found a bloodstained altar of Trog.
  2875 | D:3      | Reached XP level 5. HP: 40/40 MP: 8/8
  3321 | D:3      | HP: 2/40 [poisoned by a worker ant]
  3321 | D:3      | Slain by a worker ant

Vault maps used:
D:1:      lemuel_arrival_funnel, minmay_misc_feat_roman
D:2:      lemuel_crystal_altar
D:3:      marbit_many_paths, amethyst_overflow_temple_binary, first_bread,
          kennysheep_boxes

Action                   |  1- 3 |  4- 6 || total
-------------------------+-------+-------++-------
Melee: Unarmed           |   124 |   116 ||   240
Throw: Stone             |    13 |    11 ||    24
 Cast: Beastly Appendage |    22 |    13 ||    35
       Sticks to Snakes  |       |     5 ||     5
 Stab: Sleeping          |       |     2 ||     2
       Distracted        |       |     1 ||     1
  Eat: Chunk             |     4 |     5 ||     9
